 Dungeon Crawl Stone Soup version 0.26.1-11-gd32895ea62 (webtiles) character file.

Game seed: 5802719531373848049

279 Felido the Ducker (level 6, -9/37 HPs)
             Began as a Deep Elf Monk on June 27, 2021.
             Mangled by an ogre
             ... wielding a +0 giant spiked club
              (23 damage)
             ... on level 4 of the Dungeon.
             The game lasted 00:14:39 (5766 turns).

Felido the Ducker (Deep Elf Monk)                   Turns: 5766, Time: 00:14:40

Health: -9/37      AC: 12    Str: 10    XL:     6   Next: 5%
Magic:  20/20      EV: 14    Int: 15    God:
Gold:   107        SH:  5    Dex: 17    Spells: 7/9 levels left

rFire    . . .     SeeInvis .   i - +2 dagger (protect)
rCold    . . .     Faith    .   (no shield)
rNeg     . . .     Spirit   .   l - +0 leather armour
rPois    .         Reflect  +   r - +0 helmet
rElec    .         Harm     .   (no cloak)
rCorr    .         Rampage  .   t - +0 pair of gloves
Will     +....                  (no boots)
Stlth    ++........             f - amulet of reflection
HPRegen  0.12/turn              m - ring of willpower
MPRegen  0.17/turn              e - ring of magical power

@: protection aura
A: no striking features
a: no special abilities


You were on level 4 of the Dungeon.
You visited 1 branch of the dungeon, and saw 4 of its levels.

You collected 107 gold pieces.

Inventory:

Hand Weapons
 a - a +0 short sword
 i - a +2 dagger of protection (weapon)
 k - a +1 dagger of protection
Armour
 l - a +0 leather armour (worn)
 r - a +0 helmet (worn)
 t - a +0 pair of gloves (worn)
Jewellery
 d - an uncursed amulet of guardian spirit
 e - a ring of magical power (right hand)
 f - an amulet of reflection (around neck)
 m - a ring of willpower (left hand)
 p - an uncursed amulet of regeneration {unknown}
Scrolls
 b - 3 scrolls of teleportation
 c - a scroll of amnesia
 n - a scroll of remove curse
 o - a scroll of enchant armour
 q - a scroll of enchant weapon
Potions
 g - a potion of ambrosia
 h - a potion of curing
 j - a potion of flight


   Skills:
 + Level 3.0 Fighting
 + Level 4.1 Short Blades
 + Level 1.5 Armour
 + Level 4.8 Dodging
 + Level 3.4 Stealth
 + Level 0.5 Shields
 + Level 2.0 Spellcasting
 + Level 1.8 Necromancy


You had 7 spell levels left.
You knew the following spells:

 Your Spells              Type           Power        Failure   Level
a - Pain                  Necr           28%          14%         1
b - Animate Skeleton      Necr           14%          14%         1

Your spell library contained the following spells:

 Spells                   Type           Power        Failure   Level
 Vampiric Draining        Necr           3%           38%         3
 Animate Dead             Necr           3%           80%         4
 Agony                    Necr           7%           98%         5


Dungeon Overview and Level Annotations

Branches:
Dungeon (4/15)
 Temple: D:4-7

Altars:


Message History

Confirm with . or Enter, or press ? or * to list all spells.
Aiming: Pain (safe; 14% risk of failure)
Press: ? - help, Shift-Dir - straight line, f/p - ogre
Aim: an ogre, wielding a +0 giant spiked club (heavily wounded, chance to affect: 53%)
Your goblin skeleton is unaffected.
Your goblin skeleton crumbles into dust!
You see here a +0 dagger.
You see here a +0 dagger.
You see here a +0 dagger.
You hit the ogre.
Your weapon exudes an aura of protection.
The ogre is heavily wounded.
The ogre completely misses you.
You hit the ogre.
The ogre is heavily wounded.
You hit the ogre.
The ogre is severely wounded.
The ogre hits you with a +0 giant spiked club!!
Ouch! That really hurt!
You die...

##.#)## ###...... ###..#
##........ ##..##
#......... )...##
#...?<.... ###..##
####...†.... ##..##
######....).....# ##.)##
#######..........###.##
##..###....<......######
##
##........O@#.....####
##.....####)........####
#..#### #............##
# ##.## ##.......>....#
# #..# ##...........# #
#..# #...........# #
#..# ##..........#. ##
##.#### ##........... .#
#....### ###.......###


You could see an ogre.

Vanquished Creatures
  A worker ant (D:4)
  Robin (D:4)
  12 adders
  A gnoll (D:1)
  3 oozes
  An adder skeleton (D:4)
  6 dart slugs
  3 leopard geckos
  10 orcs
  3 giant cockroaches
  16 goblins
  5 hobgoblins
  6 jackals
  6 kobolds
  4 ball pythons
  4 bats
  4 frilled lizards
  A jackal skeleton (D:4)
  7 rats
94 creatures vanquished.

Vanquished Creatures (collateral kills)
  A leopard gecko (D:4)
1 creature vanquished.

Grand Total: 95 creatures vanquished

Notes
Turn   | Place    | Note
-------+----------+-------------------------------------------
     0 | D:1      | Felido the Deep Elf Monk began the quest for the Orb.
     0 | D:1      | Reached XP level 1. HP: 13/13 MP: 3/3
    12 | D:1      | Reached XP level 2. HP: 3/18 MP: 4/4
  1206 | D:1      | Reached XP level 3. HP: 20/22 MP: 5/5
  2139 | D:2      | Reached XP level 4. HP: 23/27 MP: 6/6
  2267 | D:2      | Reached skill level 1 in Armour
  3154 | D:3      | Learned a level 1 spell: Pain
  3156 | D:3      | Learned a level 1 spell: Animate Skeleton
  3193 | D:3      | Reached XP level 5. HP: 18/32 MP: 0/7
  4076 | D:3      | Reached skill level 1 in Spellcasting
  4247 | D:3      | You fall into a shaft and drop 1 floor!
  4262 | D:4      | Reached skill level 1 in Necromancy
  5417 | D:4      | Noticed Robin
  5481 | D:4      | Reached XP level 6. HP: 18/37 MP: 10/10
  5500 | D:4      | Killed Robin
  5766 | D:4      | Mangled by an ogre

Illustrated notes

Levels and vault maps discovered:
D:1:      wander_arrival_lonely_grave, layout_basic
D:2:      layout_loops_cross, serial_bayou_pond_a
D:3:      layout_loops_ring, serial_forest, infiniplex_forest_end_2,
          infiniplex_forest_pool, infiniplex_forest_straight_4,
          infiniplex_forest_corner_1, infiniplex_forest_straight_3,
          infiniplex_forest_straight_4
D:4:      layout_cave_pods, serial_park, uniq_robin

Skill      XL: |  1  2  3  4  5  6 |
---------------+-------------------+-----
Dodging        | 4 |  4.8
Armour         | 1 |  1.5
Stealth        | 3 |  3.4
Short Blades   | 4 |  4.1
Fighting       | 3 |  3.0
Spellcasting   | 1 2 |  2.0
Necromancy     | 1 |  1.8
Shields        | |  0.5

Action                   |  1- 3 |  4- 6 || total
-------------------------+-------+-------++-------
Melee: Short sword       |    94 |       ||    94
       Dagger            |   109 |   275 ||   384
 Cast: Pain              |       |    70 ||    70
       Animate Skeleton  |       |     5 ||     5
  Use: Potion            |     5 |     3 ||     8
       Scroll            |     4 |     8 ||    12
 Stab: Sleeping          |     3 |     5 ||     8
Armor: Ring mail         |    32 |       ||    32
       Robe              |     4 |       ||     4
       Leather armour    |    17 |    59 ||    76
       Plate armour      |    16 |    41 ||    57
Dodge: Dodged            |   115 |   157 ||   272
Block: Other             |     6 |    64 ||    70
       Reflection        |       |     1 ||     1
